 Dungeon Crawl Stone Soup version 0.27.0-1-g7a089689b8 (console) character file.

Game seed: 17036489265308927155

290 jejorda2 the Cutter (level 6, -2/46 HPs)
             Began as a Vampire Hedge Wizard on Aug 10, 2021.
             Was a Believer of Dithmenos.
             Slain by a scorpion (5 damage)
             ... on level 4 of the Dungeon on Aug 11, 2021.
             The game lasted 00:10:37 (3647 turns).

jejorda2 the Cutter (Vampire Hedge Wizard)          Turns: 3647, Time: 00:10:38

Health: -2/46      AC:  9    Str: 11    XL:     6   Next: 9%
Magic:  10/10      EV:  9    Int: 16    God:    Dithmenos [**....]
Gold:   160        SH:  0    Dex: 14    Spells: 10/11 levels left

rFire    . . .     SeeInvis +   a - +0 short sword
rCold    . . .     Faith    .   (no shield)
rNeg     . . .     Spirit   .   i - +0 chain mail
rPois    .         Reflect  .   h - +1 hat
rElec    .         Harm     .   (no cloak)
rCorr    .         Rampage  .   (no gloves)
Will     +....                  (no boots)
Stlth    ..........             (no amulet)
HPRegen  0.35/turn              f - ring of willpower
MPRegen  0.12/turn              k - +4 ring of evasion

@: lethally poisoned (-2 -> -13), healing quickly, wreathed by umbra
A: alive, fangs 3, see invisible, vampiric 2
a: Exsanguinate, Renounce Religion, Shadow Step


You were on level 4 of the Dungeon.
You worshipped Dithmenos.
Dithmenos was pleased with you.
You visited 1 branch of the dungeon, and saw 4 of its levels.

You collected 160 gold pieces.

Inventory:

Hand Weapons
 a - a +0 short sword (weapon)
 b - a +0 hunting sling
 e - a +0 mace
 j - a +0 dagger
 r - a +2 dagger of pain
Missiles
 d - 124 stones (quivered)
Armour
 c - a +0 hat
 h - a +1 hat (worn)
 i - a +0 chain mail (worn)
 l - a +0 robe
Magical Staves
 o - a staff of air
Jewellery
 f - a ring of willpower (left hand)
 k - a +4 ring of evasion (right hand)
 s - a ring of protection from cold
Scrolls
 m - 2 scrolls of identify {unknown}
 p - 2 scrolls of immolation {unknown}
 u - a scroll of enchant weapon {unknown}
 v - a scroll of summoning {unknown}
Potions
 g - 2 potions of brilliance {unknown}
 n - 3 potions of curing {unknown}
 q - a potion of magic {unknown}
 t - a potion of attraction {unknown}
 w - a potion of heal wounds {unknown}


   Skills:
 + Level 2.9 Fighting
 * Level 4.2 Short Blades
 + Level 2.0 Armour
 - Level 2.1 Dodging
 - Level 3.0 Stealth
 - Level 3.0 Spellcasting
 - Level 1.0 Conjurations
 - Level 1.0 Summonings
 - Level 0.7 Translocations


You had 10 spell levels left.
You knew the following spells:

 Your Spells              Type           Power      Damage    Failure   Level
a - Magic Dart            Conj           20%        1d4       100%        1

Your spell library contained the following spells:

 Spells                   Type           Power      Damage    Failure   Level
 Blink                    Tloc           N/A        N/A       100%        2
 Call Imp                 Summ           5%         N/A       100%        2
 Slow                     Hex            2%         N/A       100%        2
 Conjure Flame            Conj/Fire      4%         6-21      100%        3
 Mephitic Cloud           Conj/Pois/Air  3%         N/A       100%        3


Dungeon Overview and Level Annotations

Branches:
Dungeon (4/15)
 Temple: D:4-7

Altars:
Dithmenos
Elyvilon
Vehumet

Shops:
D:3 =


Innate Abilities, Weirdness & Mutations

Your natural rate of healing is accelerated.
You have razor-sharp teeth.
You have supernaturally acute eyesight. (SInv)
You are afflicted with vampirism and can become a bat while bloodless.


Message History

Your bite misses the scorpion.
The scorpion is almost dead.
You feel very sick.
The scorpion stings you but does no damage.
You completely miss the scorpion.
You bite the scorpion, but do no damage.
The scorpion is almost dead.
You feel sick. The scorpion stings you.
You are too injured to fight recklessly!
You are too injured to fight recklessly!
You are too injured to fight recklessly!
You barely miss the scorpion.
You bite the scorpion, but do no damage.
The scorpion is almost dead.
You feel sick.
The scorpion stings you but does no damage.
You closely miss the scorpion.
The scorpion is almost dead.
You feel sick. The scorpion barely misses you.
You hit the scorpion but do no damage.
The scorpion is almost dead.
You feel sick.
The scorpion stings you but does no damage.
You hit the scorpion.
The scorpion is almost dead.
You feel sick. The scorpion stings you.
* * * LOW HITPOINT WARNING * * *
You are lethally poisoned!
The scorpion poisons you!
You barely miss the scorpion.
The scorpion is almost dead.
* * * LOW HITPOINT WARNING * * *
You feel very sick.
The scorpion stings you but does no damage.
You hit the scorpion but do no damage.
The scorpion is almost dead.
* * * LOW HITPOINT WARNING * * *
You feel very sick. The scorpion stings you.
You die...

#............# ##
#.##########.# #. #.#
#.# #. #.# #.# #.
#.##########.# ##.
#............###..
#..####...........
#########.#.##.##...
#.s@#...###.##.##...
#.##.##.###.........
_.##.##.##......##...
####.##.##.#.........#
#..###..###..#.#....
#### ####.#..#.##.##
#.#..#.##g# ##
#.#..#.##.# #.
#.#......g##


You could see a scorpion.

Vanquished Creatures
  A water moccasin skeleton (D:3)
  A centaur zombie (D:4)
  An iguana (D:3)
  Natasha (twice) (D:3)
  A hound skeleton (D:4)
  3 adders (D:3)
  2 worms (D:3)
  A dart slug (D:1)
  7 orcs (D:3)
  4 bats
  3 endoplasms
  6 giant cockroaches
  10 hobgoblins
  4 jackals
  7 kobolds
  2 quokkas
  4 ball pythons
  3 frilled lizards
  5 goblins
  5 rats
72 creatures vanquished.

Notes
Turn   | Place    | Note
-------+----------+-------------------------------------------
     0 | D:1      | jejorda2 the Vampire Hedge Wizard began the quest for the
                  | Orb.
     0 | D:1      | Reached XP level 1. HP: 13/13 MP: 4/4
   200 | D:1      | Reached skill level 1 in Conjurations
   263 | D:1      | Reached skill level 1 in Fighting
   397 | D:1      | Reached XP level 2. HP: 21/21 MP: 0/6
   951 | D:1      | Found a faded altar of an unknown god.
   959 | D:1      | Became a worshipper of Dithmenos the Shadowed
   959 | D:1      | Reached * piety under Dithmenos
  1368 | D:2      | Reached skill level 1 in Short Blades
  1473 | D:2      | Gained mutation: You are afflicted with vampirism and can
                  | become a bat while bloodless. [Vampire growth]
  1473 | D:2      | Reached XP level 3. HP: 26/27 MP: 7/7
  1945 | D:2      | Reached ** piety under Dithmenos
  2096 | D:3      | Reached skill level 2 in Short Blades
  2096 | D:3      | Reached skill level 1 in Armour
  2096 | D:3      | Reached XP level 4. HP: 8/33 MP: 8/8
  2239 | D:3      | Found Sesmekh's Jewellery Shoppe.
  2510 | D:3      | Reached skill level 3 in Short Blades
  2510 | D:3      | Reached XP level 5. HP: 28/39 MP: 9/9
  2642 | D:3      | Noticed Natasha
  2686 | D:3      | Killed Natasha
  2958 | D:3      | Noticed Natasha
  2970 | D:3      | Killed Natasha
  3200 | D:4      | Found a radiant altar of Vehumet.
  3458 | D:4      | Reached skill level 4 in Short Blades
  3500 | D:4      | Reached XP level 6. HP: 44/46 MP: 10/10
  3647 | D:4      | Slain by a scorpion

Illustrated notes

Levels and vault maps discovered:
D:1:      roderic_octagonal_star, layout_basic,
          ebering_ecumenical_altar_sacrificial, minmay_misc_feat_nine_boxes,
          st_stairs_12, hangedman_decor_growths, minmay_misc_feat_more_columns,
          minmay_split_cup_small
D:2:      kennysheep_big_flooded_room, layout_loops_ring
D:3:      layout_basic, serial_shops, nicolae_shop_behind_doors, uniq_natasha
D:4:      layout_loops_ring, marbit_many_paths, nicolae_vehumet_altar_sigil

Skill      XL: |  1  2  3  4  5 |
---------------+----------------+-----
Conjurations   | 1 |  1.0
Fighting       | 1 2 |  2.9
Short Blades   | 1 2 3 4 |  4.2
Armour         | 1 2 |  2.0
Dodging        | |  2.1
Stealth        | |  3.0
Spellcasting   | |  3.0
Summonings     | |  1.0
Translocations | |  0.7

Action                   |  1- 3 |  4- 6 || total
-------------------------+-------+-------++-------
Melee: Mace              |    28 |       ||    28
       Dagger            |    60 |       ||    60
       Short sword       |   181 |   207 ||   388
       Bite              |    18 |    20 ||    38
 Fire: Hunting sling     |       |     6 ||     6
 Cast: Magic Dart        |    27 |       ||    27
Armor: Robe              |     1 |       ||     1
       Chain mail        |   157 |   101 ||   258
Dodge: Dodged            |   137 |    65 ||   202
